 Dungeon Crawl Stone Soup version 0.31.0-12-g77e489cdc1 (webtiles) character file.

Game seed: 25916085791588291

90 Killerpretzel the Changeling (level 4, -4/29 HPs)
             Began as an Octopode Shapeshifter on Mar 1, 2024.
             Slain by Ijyb
             ... wielding a +0 club
              (5 damage)
             ... on level 3 of the Dungeon.
             The game lasted 00:01:58 (1723 turns).

Killerpretzel the Changeling (OpSh)                 Turns: 1723, Time: 00:01:59

Health: -4/29      AC:  1    Str: 13    XL:     4   Next: 56%
Magic:  4/4        EV: 13    Int: 12    God:
Gold:   38         SH:  0    Dex: 13    Spells: 3/3 levels left

rFire   . .          .
                       - Unarmed
rCold   . . .        (no shield)
rNeg    . . .        (helmet currently unavailable)
rPois   .            (no amulet)
rElec   .            (no ring)
rCorr   .            (no ring)
SInv    .            (no ring)
Will    .....        (no ring)
Stlth   ++           (no ring)
HPRegen 0.24/turn    (no ring)
MPRegen 0.09/turn    (no ring)
                     (no ring)

%: no passive effects
@: beast-form
A: beast (slay +2), almost no armour, amphibious, 8 rings, camouflage 1,
gelatinous body 1, (nimble swimmer 1), tentacles
a: Begin Untransformation


You were on level 3 of the Dungeon.
You were a hulking beast.
You visited 1 branch of the dungeon, and saw 3 of its levels.

You collected 38 gold pieces.

Inventory:

Talismans
 b - a beast talisman
 c - a flux talisman
Scrolls
 e - a scroll of silence
Potions
 a - 2 potions of lignification
 f - a potion of curing
 g - a potion of heal wounds {unknown}
 j - a potion of enlightenment {unknown}


   Skills:
 + Level 2.0 Fighting
 + Level 2.6 Dodging
 + Level 3.5 Unarmed Combat
 * Level 3.8 Shapeshifting


You had 3 spell levels left.
You didn't know any spells.
Your spell library contained the following spells:

 Spells                   Type           Power      Damage    Failure   Level
 Ensorcelled Hibernation  Hex/Ice        0%         N/A       45%         2
 Ozocubu's Armour         Ice            0%         N/A       69%         3
 Passwall                 Erth           0%         N/A       69%         3
 Swiftness                Air            0%         N/A       69%         3
 Metabolic Englaciation   Hex/Ice        0%         N/A       100%        5
 Sculpt Simulacrum        Ice/Alch       0%         N/A       100%        6


Dungeon Overview and Level Annotations

Branches:
Dungeon (3/15)

Altars:

Annotations:
D:3 Ijyb


Innate Abilities, Weirdness & Mutations

You are a hulking beast.
Your limbs bulge with bestial killing power. (Slay +2)
You cannot wear most types of armour.
You are amphibious.
You can wear up to eight rings at the same time.
Your skin changes colour to match your surroundings (Stealth+).
Your rubbery body absorbs attacks. (AC +1, EV +1)
((You are camouflaged when in or above water. (Stealth+)))
You have tentacles for arms and can constrict up to eight enemies at once.


Message History

As you read the scroll labelled YFIEMA WUNIO, it crumbles to dust.
It was a scroll of poison.
Your surroundings suddenly seem different.
You start waiting.
Done waiting.
There is a stone staircase leading down here.
You climb downwards.
Marking area around Ijyb as unsafe for travelling.
There is a stone staircase leading up here.
Ijyb is nearby!
The helpless Ijyb fails to defend herself.
You tentacle-slap Ijyb. Your grab misses Ijyb. You squeeze Ijyb.
Ijyb is moderately wounded.
You tentacle-slap Ijyb. Your grab misses Ijyb.
Ijyb is heavily wounded.
Ijyb zaps a wand.
The roots erupt in riotous growth!
The grasping roots grab you!
Ijyb is unaffected.
The grasping roots constrict you!
You tentacle-slap Ijyb but do no damage.
You grab Ijyb.
Ijyb is heavily wounded.
You constrict Ijyb, but do no damage. Ijyb hits you with a +0 club.
The grasping roots constrict you.
You tentacle-slap Ijyb but do no damage.
You squeeze Ijyb, but do no damage.
Ijyb is heavily wounded.
You constrict Ijyb, but do no damage. Ijyb hits you with a +0 club.
The grasping roots constrict you.
* * * LOW HITPOINT WARNING * * *
You tentacle-slap Ijyb but do no damage.
Ijyb is heavily wounded.
You constrict Ijyb. Ijyb hits you with a +0 club.
* * * LOW HITPOINT WARNING * * *
The grasping roots constrict you.
* * * LOW HITPOINT WARNING * * *
The grasping roots release their grip on you.
You bludgeon Ijyb!
Ijyb is almost dead.
You constrict Ijyb. Ijyb hits you with a +0 club.
You die...

####.####
#hg.....#
#.##.##..
#.# #.#
#.# #..
###


You could see Ijyb.

Vanquished Creatures
  A sleepcap (D:2)
  2 adders (D:2)
  2 bats (D:1)
  2 endoplasms (D:1)
  2 giant cockroaches (D:2)
  A goblin (D:1)
  5 hobgoblins
  10 jackals
  4 kobolds
  2 quokkas (D:1)
  4 ball pythons
  2 rats
37 creatures vanquished.

Notes
Turn   | Place    | Note
-------+----------+-------------------------------------------
     0 | D:1      | Killerpretzel the Octopode Shapeshifter began the quest for
                  | the Orb.
     0 | D:1      | Reached XP level 1. HP: 13/13 MP: 1/1
   104 | D:1      | Reached XP level 2. HP: 14/18 MP: 2/2
   435 | D:1      | Reached XP level 3. HP: 23/23 MP: 3/3
   990 | D:2      | Reached XP level 4. HP: 27/29 MP: 4/4
  1717 | D:3      | Noticed Ijyb
  1722 | D:3      | HP: 1/29 [constriction (2)]
  1723 | D:3      | Slain by Ijyb

Illustrated notes

Levels and vault maps discovered:
D:1:      psy_arrival_basics, layout_loops_ring, chequers_serial_rivers_small_3,
          minmay_misc_feat_nine_boxes, minmay_misc_feat_room
D:2:      layout_loops_ring, nicolae_underground_beach
D:3:      layout_loops_cross, old_standard_altar, uniq_ijyb, uniq_terence

Skill      XL: |  1  2  3  4 |
---------------+-------------+-----
Fighting       | 2 |  2.0
Dodging        | |  2.6
Unarmed Combat | |  3.5
Shapeshifting  | |  3.8

Action                     |  1- 3 |  4- 6 || total
---------------------------+-------+-------++-------
  Melee: Unarmed           |    56 |    33 ||    89
         Tentacles         |    15 |     9 ||    24
         Constrict         |    12 |    11 ||    23
         Punch             |       |     1 ||     1
    Use: Scroll            |     2 |     3 ||     5
   Stab: Sleeping          |     6 |     2 ||     8
 Armour: Skin              |    26 |    18 ||    44
  Dodge: Dodged            |    26 |    18 ||    44
